[Event "2nd Serbia Open Masters 2022"]
[Site "Novi Sad"]
[Date "2022.06.28"]
[Round "1.1"]
[White "Predke, Alexandr"]
[Black "Spasic, Petar"]
[Result "1/2-1/2"]
[ECO "B62"]
[WhiteElo "2688"]
[BlackElo "2336"]
[Annotator "TA"]
[PlyCount "120"]
[EventDate "2022.06.28"]
[EventType "swiss"]
[EventCountry "SRB"]
[SourceTitle "playchess.com"]
[Source "ChessBase"]
[SourceQuality "1"]
[TimeControl "40/5400+30:900+30"]

1. e4 c5 2. Nf3 Nc6 3. Nc3 d6 4. d4 cxd4 5. Nxd4 Nf6 6. Bg5 e6 7. Qd3 a6 8. O-O-O {[%emt 0:02:14] 8.Nxc6 is more fashionable.} Bd7 {[%emt 0:04:19] B62: Sicilian: Richter-Rauzer: 6...e6: Unusual White 7th moves.} 9. Qg3 (9. f4 $14) 9... Qc7 10. Be2 {[%emt 0:14:59] [#]} b5 $146 ({Predecessor:} 10... Be7 11. f4 h6 12. Bh4 Rg8 13. Nxc6 Bxc6 14. Qe3 Nxe4 15. Nxe4 Bxe4 16. Qxe4 Bxh4 17. f5 Bg5+ 18. Kb1 O-O-O 19. fxe6 fxe6 20. Qxe6+ {½-½ (20) Mkrtchyan,L (2213)-Renteria Becerra,J (2262) Madrid 2021}) 11. Bxb5 axb5 12. Ndxb5 Qb8 (12... Qa5 $5 13. Nxd6+ (13. Bxf6 gxf6 14. Nxd6+ Bxd6 $11) 13... Bxd6 14. Rxd6 Nh5 $11) 13. Nxd6+ Bxd6 14. Qxd6 Qxd6 15. Rxd6 Ra5 16. Bxf6 gxf6 17. Rhd1 Nb8 18. b4 Rh5 19. h3 {[%emt 0:11:01][%mdl 1024] next Rb6 is good for White. White has compensation.} (19. Rb6 $5 Ke7 20. h3 $11) 19... Ke7 20. Rb6 Rc8 21. Kb2 Bc6 $1 {[%emt 0:07:01] Against Rb7+} 22. a4 f5 (22... Nd7 $5 23. Ra6 Rc7 $11) 23. exf5 Bxg2 24. fxe6 fxe6 {[%emt 0:00:47] Strongly threatening ...Nd7.} 25. Re1 Nc6 26. Ne4 (26. Rb7+ $11 {feels stronger.} Kf6 27. Ne4+ Bxe4 28. Rxe4) 26... Ne5 $15 27. Rb7+ $1 Kf8 {[%emt 0:00:35] White must now prevent ...Rh4.} 28. Nf6 Nc4+ (28... Rxh3 $6 29. Nxh7+ Kg8 30. Rg1 Nc4+ 31. Ka2 Ra3+ 32. Kb1 Nd2+ 33. Kb2 Nc4+ 34. Kb1 Nd2+ 35. Kb2 Nc4+ 36. Kb1 $11) 29. Ka2 Bxb7 (29... Rxh3 $6 30. Nxh7+ Kg8 31. Rg1 Ra3+ 32. Kb1 Nd2+ 33. Kb2 Nc4+ 34. Kb1 Nd2+ 35. Kb2 Nc4+ 36. Kb1 $11) 30. Nxh5 Nb6 (30... e5 $17 31. a5 Ke7) 31. Nf4 $1 Rxc2+ 32. Kb3 Rxf2 33. Nxe6+ Kg8 {[%emt 0:00:08] And now ...Bd5+ would win.} 34. Nc5 (34. b5 $11 {remains equal.}) 34... Rf3+ $17 35. Kc2 Bc8 36. Re7 $2 (36. a5 $17 Bf5+ 37. Kd2 Nc4+ 38. Ke2) 36... Bf5+ $19 (36... Rxh3 37. a5 Kf8 38. Ra7 Bf5+ 39. Kd2 Nc4+ 40. Ke2 $17) (36... Bxh3 $2 37. Re8+ (37. a5 $2 Bf5+ 38. Kd1 Nd5 $19) 37... Kf7 38. Rd8) 37. Kd2 Nd5 (37... Rxh3 38. a5 Nc4+ 39. Ke1 $17) 38. Rb7 Rf2+ (38... Bxh3 39. a5 $15) 39. Ke1 {[%emt 0:00:02] [#]} Rc2 (39... Ra2 $1 $19 40. b5 Bxh3 41. Rb8+ Kf7) 40. a5 $17 {[%emt 0:00:00] [#]} Nxb4 {[%emt 0:00:00][%mdl 512] Threatens to win with ...Rc1+.} 41. a6 Nc6 ({Don't take} 41... Bxh3 42. a7 (42. Rxb4 Rxc5 43. a7 Bg2 $11) 42... Ra2 43. Rb8+ Kg7 44. a8=Q Rxa8 45. Rxa8 $16) 42. Na4 Bc8 43. Rb8 Na7 {[%emt 0:00:56] Hoping for ...Kf7.} (43... Nxb8 $2 44. a7 Nc6 45. a8=Q $18) 44. Nb6 $2 (44. Ra8 $17 {is the only way for White.}) 44... Rb2 $19 45. Rxc8+ $2 (45. h4) 45... Nxc8 46. Nxc8 {[%emt 0:00:02][%mdl 4096] Endgame KR-KN} Ra2 47. a7 Kg7 48. Kd1 Kf6 49. Kc1 Kg5 50. Kb1 Ra6 51. Kb2 Kh4 52. Kb3 Kxh3 53. Kb4 h5 54. Kb5 {[%emt 0:00:01] [#]} Ra1 $2 (54... Rxa7 $1 {[%mdl 512] mates} 55. Nxa7 h4 56. Nc8 Kg4 57. Nd6 h3 58. Ne8 Kf4 59. Nd6 h2 60. Kc5 h1=Q 61. Nc4 Qe4 62. Nd6 Qe5+ 63. Kc6 Qd4 64. Nb5 Qc4+ 65. Kb6 Ke5 66. Nc7 Qb4+ 67. Kc6 Qd6+ 68. Kb7 Qc5 69. Ne8 Qb5+ 70. Ka8 Qxe8+ 71. Ka7 Kd6 72. Kb7 Qb5+ 73. Ka8 Kc7 74. Ka7 Qb7#) 55. Kb6 $1 $11 {[%emt 0:00:04] The position is equal.} Kg4 (55... h4 $5 56. Nd6 Kg4 $11) 56. Nd6 $1 Kf4 57. Nc4 $1 {[%emt 0:00:10] aiming for Na5.} (57. Kb7 h4 58. a8=Q Rxa8 59. Kxa8 h3 60. Kb7 h2 61. Kb6 h1=Q 62. Kc5 Qg1+ 63. Kd5 Qg2+ 64. Ke6 Qe2+ 65. Kd5 Qe5+ 66. Kc6 Qd4 67. Nc8 Ke5 68. Nb6 Qc3+ 69. Kb5 Kd4 70. Ka6 Qb3 71. Kb7 Kc5 72. Kc7 Qxb6+ 73. Kd7 Qf6 74. Kc8 Kc6 75. Kb8 Qb2+ 76. Kc8 Qh8#) 57... Rxa7 58. Kxa7 h4 59. Nd2 h3 {[%emt 0:00:22] ( -> ...h2)} 60. Nf1 Kf3 {[%emt 0:00:16] Whites escaped into a draw.  Weighted Error Value: White=0.44/Black=0.15 (very precise)} 1/2-1/2

[Event "2nd Serbia Open Masters 2022"]
[Site "Novi Sad"]
[Date "2022.06.28"]
[Round "1.2"]
[White "Trisic, Aleksandar"]
[Black "Sarana, Alexey"]
[Result "0-1"]
[ECO "E50"]
[WhiteElo "2345"]
[BlackElo "2675"]
[Annotator "TA"]
[PlyCount "72"]
[EventDate "2022.06.28"]
[EventType "swiss"]
[EventCountry "SRB"]
[SourceTitle "playchess.com"]
[Source "ChessBase"]
[SourceQuality "1"]
[TimeControl "40/5400+30:900+30"]

1. d4 Nf6 2. c4 e6 3. Nc3 Bb4 4. e3 O-O 5. Bd3 c5 6. Nf3 d6 7. Bd2 {[%emt 0:06:23] E50: Nimzo-Indian: Rubinstein: 4...0-0 5 Nf3.} cxd4 $5 {[%emt 0:06:12][%mdl 4] Leaves trodden paths.} 8. Nxd4 Nc6 (8... e5 $5 9. Nc2 Na6 $11) 9. a3 {[%emt 0:04:15] [#] Black must now prevent Nxc6. White has an edge.} Bc5 $146 ({Predecessor:} 9... Ba5 10. O-O Ne5 11. Be2 Bd7 12. b4 Bb6 13. Qb3 Qe7 14. Rad1 Rac8 15. Bc1 Rfd8 {1-0 (47) Neto,H (2566)-Kashlyak,A (2511) ICCF email 2007}) 10. Nf3 a6 11. Qc2 Bd7 12. Ng5 h6 13. Nge4 Nxe4 ({Black should try} 13... Ba7) 14. Nxe4 $11 f5 (14... Ne5 {feels hotter.} 15. Be2 Bc6 16. Nxc5 dxc5 17. Bc3 Ng6) 15. Nxc5 dxc5 16. Bc3 e5 17. b4 Qe7 18. Qb2 f4 $1 19. O-O-O (19. O-O $11 {remains equal.}) 19... fxe3 $17 20. fxe3 cxb4 21. axb4 a5 22. b5 (22. bxa5 $17 Be6 23. h3 (23. Bxe5 Nxe5 24. Qxe5 Qa3+ 25. Kb1 Bg4 $17)) 22... Nb4 $19 23. Be4 Rac8 24. Qb3 Be6 25. Bxb4 axb4 26. Bd5 Rf2 27. Kb1 ({Avoid the trap} 27. Rd2 $2 {[#]} Bxd5 $1 28. Rxd5 (28. Rxf2 $2 {too greedy.} Bxc4 29. Qb2 Qc5 $19) 28... Ra8 $19) 27... Qf7 (27... Bxd5 $19 28. Rxd5 Qh4) 28. Qxb4 (28. Qd3 $17) 28... b6 $2 (28... Qg6+ $19 {has better winning chances.} 29. e4 Bxd5 30. cxd5 Qxg2) 29. Qd6 $17 Bxd5 30. Qxd5 Rc7 {[%emt 0:38:03] Black is more active.} (30... Rxc4 $17 {aiming for ...Rb4+.} 31. Qxf7+ Kxf7) 31. Qxf7+ $11 Kxf7 {KRR-KRR} 32. Rd7+ $2 Kg8 $4 (32... Rxd7 $19 33. g4 Rd3) 33. Rd5 $2 (33. Rxc7 $18 Rf6 34. c5 bxc5 35. Rc8+ Kh7 36. Rc6) 33... e4 $2 ({But not} 33... Rxg2 $6 34. c5 $11) ({Better is} 33... Rxc4 $17 {Threatens to win with ...Re4.} 34. Rxe5 Rb4+ 35. Kc1 Rxg2) 34. g4 (34. Rd8+ $14 Kf7 35. Rc1) 34... Rf8 $2 (34... Rxc4 $15 {keeps the upper hand.} 35. h4 Rb4+ 36. Kc1 Rb3) 35. Rd2 $2 (35. Rc1 $16) 35... Rd7 $2 36. Rf2 $4 (36. Rxd7 $18 Ra8 37. Kb2) 36... g5 $4 {[%emt 0:00:00][%mdl 40960] Weighted Error Value: White=1.12/Black=0.73. Loss on time!?} (36... Rxf2 $19 {avoids the disaster.} 37. c5 Rd3 38. cxb6 Rb3+ 39. Kc1 Rxb5) 0-1

[Event "2nd Serbia Open Masters 2022"]
[Site "Novi Sad"]
[Date "2022.06.28"]
[Round "1.3"]
[White "Demchenko, Anton"]
[Black "Dixit, Nikhil"]
[Result "1/2-1/2"]
[ECO "A48"]
[WhiteElo "2654"]
[BlackElo "2331"]
[Annotator "TA"]
[PlyCount "94"]
[EventDate "2022.06.28"]
[EventType "swiss"]
[EventCountry "SRB"]
[SourceTitle "playchess.com"]
[Source "ChessBase"]
[SourceQuality "1"]
[TimeControl "40/5400+30:900+30"]

1. d4 Nf6 2. Nf3 g6 3. Bf4 Bg7 4. c3 O-O 5. Nbd2 d6 6. e4 Nbd7 7. Be2 {[%emt 0:01:06] A48: 1 d4 Nf6 2 Nf3 g6: Torre, London and Colle Systems.} Nh5 8. Be3 e5 9. O-O {[%emt 0:01:36] White has an edge.} Qe7 10. Re1 {[%emt 0:04:39] [#]} h6 $146 ({Predecessor:} 10... b6 11. a4 a5 12. Qc2 Bb7 13. Rab1 Kh8 14. dxe5 dxe5 15. Rbd1 Nc5 16. g3 Nf6 {1-0 (79) Demchenko,A (2641)-Potapova,M (2270) Chess.com INT 2020}) 11. h3 Re8 12. Bf1 Nf8 13. Nc4 Bd7 14. g3 a5 15. a4 Bc6 16. d5 Bd7 17. b4 b6 18. bxa5 bxa5 19. Nfd2 Nh7 20. Nb3 Ng5 (20... Rf8 $11) 21. Bxg5 $16 Qxg5 22. h4 ({Much less strong is} 22. Ncxa5 f5 $14) (22. Nbxa5 {is interesting.} f5 23. h4 Qf6 24. exf5 Qxf5 25. Ne3) 22... Qe7 23. Bd3 (23. Ncxa5 $16 Reb8 24. Bb5) 23... Rf8 $11 24. Ne3 Nf6 25. Nd2 h5 26. c4 (26. Bb5 $11) 26... Bh6 (26... Rfb8 $15) 27. c5 dxc5 28. Ndc4 (28. Nec4 $11) 28... Rfb8 $17 29. Qd2 Rb4 ({Black should try} 29... Ng4 $17) 30. Nf5 $1 $11 Bxd2 31. Nxe7+ {[%emt 0:00:06] Pair of Knights!} Kf8 32. Nxd2 {[%emt 0:01:38] [#] Black must now prevent Nc6.} Kxe7 33. Nc4 (33. Rec1 $11) 33... Rxa4 (33... Bxa4 $19 {and Black stays clearly on top. And now ...Nd7 would win.} 34. Bf1 Nd7) 34. Nxe5 Rxa1 35. Rxa1 a4 36. f3 a3 37. Kf2 {[%emt 0:01:01] [#]} c6 ({Resist} 37... a2 38. Bc4 $16) (37... Ne8 $1 $17) 38. dxc6 Be6 39. Bc4 (39. Nc4 $11) 39... a2 ({Black should play} 39... Ne8 $1 $15) 40. c7 {[%emt 0:00:00][%cal Oa1a2] The position is equal.} Ne8 $132 {[%emt 0:00:00][%mdl 2048] Black is not holding back} 41. c8=Q Bxc8 42. Rxa2 (42. Bxa2 $2 Nd6 43. Nc6+ Kf8 $19) 42... Rxa2+ 43. Bxa2 {[%emt 0:00:01] KBN-KBN} Be6 44. Bb1 Nf6 45. Ke3 Nd7 46. Nd3 Kd6 47. Nf4 Bb3 {[%emt 0:00:37] Weighted Error Value: White=0.22 (precise) /Black=0.20 (precise)} 1/2-1/2

[Event "2nd Serbia Open Masters 2022"]
[Site "Novi Sad"]
[Date "2022.06.28"]
[Round "1.4"]
[White "Blagojevic, Tijana"]
[Black "Ivic, Velimir"]
[Result "0-1"]
[ECO "B30"]
[WhiteElo "2315"]
[BlackElo "2623"]
[Annotator "TA"]
[PlyCount "104"]
[EventDate "2022.06.28"]
[EventType "swiss"]
[EventCountry "SRB"]
[SourceTitle "playchess.com"]
[Source "ChessBase"]
[SourceQuality "1"]
[TimeControl "40/5400+30:900+30"]

1. e4 c5 2. Nf3 Nc6 3. Bb5 e6 4. O-O Nge7 5. Re1 Nd4 6. Nxd4 cxd4 7. d3 {[%emt 0:02:32] B30: Sicilian: 2...Nc6 3 Bb5, lines without ...g6.} Ng6 $5 {[%emt 0:01:03][%mdl 4] [#] A promising side line.} 8. f4 $146 ({Predecessor:} 8. Qh5 Qc7 9. Ba4 Qc5 10. Qxc5 Bxc5 11. Nd2 a6 12. Nf3 b5 13. Bb3 Bb7 14. c3 dxc3 15. bxc3 {½-½ (31) Stevic,H (2581)-Smirin,I (2616) Terme Catez 2021}) 8... Bd6 9. Rf1 {[%emt 0:07:17] The position is equal.} Qc7 10. e5 Be7 11. Nd2 a6 12. Ba4 b5 13. Bb3 d6 14. exd6 Bxd6 15. Qf3 {[%emt 0:02:08] [#]} O-O $1 16. Ne4 (16. Qxa8 Bb7 17. Qa7 Bc5 18. Qxb7 Qxb7 $17) 16... Bd7 17. Qf2 Be7 18. Kh1 (18. a4 $11) 18... f5 (18... a5 $5 19. a4 (19. Qxd4 $2 a4 $19) 19... bxa4 20. Bxa4 Rfc8 $15) 19. Ng3 Bc5 20. Bd2 Kh8 21. a4 Rae8 22. axb5 axb5 23. Nh5 Bc6 24. Rae1 Qd6 (24... e5 $1 $17 {[%cal Re5e4] And now ...e4 would win.} 25. fxe5 f4) 25. Qg3 Bd5 26. Bxd5 Qxd5 27. Re5 Qc6 {[%emt 0:01:25] White should prevent ...Be7.} 28. Rfe1 Rf7 29. R5e2 Qd5 30. Qf3 (30. Ra1 $15) 30... Qxf3 $17 {[%emt 0:01:32] Black is more active. Black keeps a firm grip on the game.} 31. gxf3 Nf8 32. Re5 (32. Ng3 $142) 32... Rc8 33. c3 {[%emt 0:06:00] Prevents b4.} Rb7 34. Rc1 {[%emt 0:01:49] Strongly threatening cxd4.} Ba7 35. Ree1 Kg8 36. cxd4 Rxc1 37. Rxc1 Bxd4 38. Rc8 Kf7 $1 (38... Bxb2 39. Bb4 Rf7 40. Rb8 $15) 39. Bc3 Rd7 40. Ng3 Ng6 41. Ne2 Be3 42. Rb8 {[%emt 0:00:43] [#]} (42. Kg2 $142) 42... Nh4 $1 $19 (42... Rxd3 43. Rb7+ Ke8 44. Kg2) ({Inferior is} 42... Nxf4 43. Nxf4 Bxf4 44. Rxb5 $17) 43. Rxb5 $2 (43. h3) 43... Rxd3 44. Rb7+ Ke8 45. h3 ({Weaker is} 45. Rb8+ Kd7 46. h3 g5 47. fxg5 Rd1+ 48. Kh2 f4 $19) 45... g5 46. Rxh7 $2 {[%emt 0:03:57] [#]} (46. fxg5 Rd1+ 47. Kh2) 46... Rd1+ $1 47. Kh2 Rf1 {[%emt 0:00:59] ( -> ...Rf2+)} 48. fxg5 Nxf3+ 49. Kg3 Nxg5 {[%emt 0:00:27] White must now prevent ...Rf3+.} 50. Rh8+ Kf7 51. Nd4 {[%emt 0:01:48] Inhibits Rf3+.} Ne4+ 52. Kh4 Rf4+ {[%emt 0:00:07] Weighted Error Value: White=0.44/Black=0.08 (flawless)} 0-1

[Event "2nd Serbia Open Masters 2022"]
[Site "Novi Sad"]
[Date "2022.06.28"]
[Round "1.5"]
[White "Jumabayev, Rinat"]
[Black "Ozcan, Kaan"]
[Result "1-0"]
[ECO "E09"]
[WhiteElo "2628"]
[BlackElo "2329"]
[Annotator "TA"]
[PlyCount "63"]
[EventDate "2022.06.28"]
[EventType "swiss"]
[EventCountry "SRB"]
[SourceTitle "playchess.com"]
[Source "ChessBase"]
[SourceQuality "1"]
[TimeControl "40/5400+30:900+30"]

1. Nf3 d5 2. g3 Nf6 3. Bg2 c6 4. c4 e6 5. O-O Be7 6. d4 O-O 7. Qc2 Nbd7 8. Nbd2 b6 9. e4 dxe4 10. Nxe4 Nxe4 11. Qxe4 Bb7 12. Rd1 Nf6 13. Qc2 Qc8 14. c5 {[%emt 0:01:23] E09: Closed Catalan: Main Line: 7 Qc2 c6 8 Nbd2.} Rd8 15. Be3 $5 {[%emt 0:09:00][%mdl 4] Exploring less charted territory.} (15. Bf4 {seems wilder.} h6 16. Ne5 Nd5 17. Bd2) 15... Nd5 16. Bd2 {[%emt 0:00:54] White is slightly better.} bxc5 17. dxc5 {[%emt 0:00:23] [#]} a5 $146 ({Predecessor:} 17... Ba6 18. b4 Bf6 19. Rac1 Rb8 20. a3 Be2 21. Re1 Qa6 22. Qb3 h6 23. Bf1 Bxf1 24. Rxf1 {½-½ (60) Szymanski,P (2249)-Janik,I (2387) Jastrzebia Gora 2015}) 18. a3 {[%emt 0:00:36] Against Nb4} a4 19. Re1 Qb8 20. Rac1 Qa7 21. h4 {[%emt 0:04:25][%cal Bh2h4,Bh4g5][%mdl 32] White is more active.} Bf6 22. Ng5 Bxg5 (22... g6 $14) 23. hxg5 $16 ({Much less strong is} 23. Bxg5 $6 f6 $11) 23... Ne7 (23... g6 $16 24. Re4 Bc8) 24. Bf4 $18 Nf5 25. Be5 Qa5 26. Red1 {[%emt 0:00:48] Inhibits Rd7.} Rac8 (26... Qb5 $142 27. Be4 Ba6) 27. Be4 {[%emt 0:00:25] [#] g4 is the strong threat.} Ba6 $2 (27... Rd5 {is a better chance.}) 28. g4 {[%emt 0:01:15] White is clearly winning.} Nh4 29. Bxh7+ {[%emt 0:00:46] This bishop pair is nice.} Kf8 {[%emt 0:00:18] Threatens to win with ...Nf3+.} 30. Be4 {[%emt 0:00:18] Prevents Nf3+.} Rd5 31. Bg3 Rxd1+ 32. Rxd1 {[%emt 0:00:11] Weighted Error Value: White=0.15 (very precise) /Black=0.58} 1-0

[Event "2nd Serbia Open Masters 2022"]
[Site "Novi Sad"]
[Date "2022.06.28"]
[Round "1.6"]
[White "Hristodoulou, Panagiotis"]
[Black "Piorun, Kacper"]
[Result "1-0"]
[ECO "B06"]
[WhiteElo "2328"]
[BlackElo "2635"]
[Annotator "TA"]
[PlyCount "103"]
[EventDate "2022.06.28"]
[EventType "swiss"]
[EventCountry "SRB"]
[SourceTitle "playchess.com"]
[Source "ChessBase"]
[SourceQuality "1"]
[TimeControl "40/5400+30:900+30"]

1. e4 g6 2. d4 Bg7 3. Nf3 c6 4. h3 d6 5. Bd3 Nf6 6. O-O {[%emt 0:00:17] B06: Modern Defence.} O-O 7. Re1 Na6 (7... Nbd7 $11) 8. c3 {[%emt 0:01:32] White is better.} (8. Bxa6 $5 bxa6 9. Nc3 $14) 8... Nc7 9. Nbd2 {[%emt 0:06:13][%cal Bb1d2,Bd2c4,Bc4e3][%mdl 32] [#]} Nd7 $146 ({Predecessor:} 9... Nh5 10. Nf1 e5 11. Bg5 f6 12. Bd2 Ne6 13. Qc2 Nef4 14. Rad1 Qe7 15. Bc4+ Kh8 16. Ng3 b5 17. Nxh5 Nxh5 18. Bb3 a6 19. g4 {1-0 (19) Peng,D (2287)-Gareyev,T (2606) ICC INT 2020}) 10. Nc4 Re8 11. e5 Nf8 12. Bf4 b5 13. Ne3 {[%emt 0:07:44] White is much more active.} (13. exd6 Nd5 14. dxe7 Rxe7 15. Rxe7 Nxf4 $11) 13... Nfe6 14. Bg3 Bb7 15. Be4 Rb8 16. a4 Qd7 17. b4 bxa4 18. Qxa4 {[%emt 0:00:46] aiming for d5.} Nb5 19. Qc2 Rbc8 20. Rad1 ({Better is} 20. h4 $18) 20... Red8 21. Bh4 Rf8 22. Bg3 ({White should play} 22. Bd3 $16) 22... a6 (22... Rfd8 $1 $11) 23. h4 f5 (23... a5 $16) 24. exf6 $1 $18 exf6 25. c4 d5 26. Bxg6 (26. cxb5 cxb5 27. Qb3 dxe4 $15) 26... hxg6 27. cxb5 f5 28. bxa6 Bxa6 29. Be5 Bh6 $2 (29... Bxe5 30. Nxe5 Qe8) 30. h5 Ng5 31. Nh4 Rce8 32. hxg6 Ne4 33. f3 Rxe5 (33... f4 $142 34. Nxd5 cxd5) 34. dxe5 Bxe3+ 35. Rxe3 Qa7 36. fxe4 $2 f4 $2 {[%emt 0:05:42] [#]} (36... Qxe3+ 37. Qf2 Qxf2+ 38. Kxf2 fxe4+ 39. Ke3 Bc8) 37. Qc5 $2 (37. Qxc6 $1 $18 fxe3 38. Qe6+ Kg7 39. Ra1 (39. Nf5+ Rxf5 40. exf5 e2+ 41. Kh2 exd1=R $11) 39... e2+ 40. Kh2) 37... Qxc5 $11 38. bxc5 {[%emt 0:00:01] Really sharp!} fxe3 {[%emt 0:00:05][%cal Bf4e3,Be3e2][%mdl 4128] Endgame KRB-KRN} 39. Nf5 (39. exd5 $2 e2 40. Re1 Rf1+ 41. Rxf1 exf1=Q+ $19) 39... e2 $1 40. Ra1 Bd3 (40... dxe4 $11 {keeps the balance.} 41. g4 Rd8) 41. g4 (41. Ne7+ Kg7 42. Nf5+ Kxg6 $17) (41. g7 $16 Rb8 42. Kf2 (42. Ne7+ Kxg7 43. Nf5+ Kg6 $15) 42... Bxe4 43. Ne7+ Kxg7 44. Nxc6) 41... Bxe4 42. Re1 Bd3 {[%emt 0:02:59] [#]} (42... Bxf5 $11 43. gxf5 Rxf5 44. Rxe2 Rg5+ 45. Kf2 Rxg6) 43. e6 $1 $16 Rf6 $2 {[%emt 0:00:35][%mdl 8192] A mistake that costs the game.} (43... Bxf5 $16 44. gxf5 Rxf5 45. Rxe2 Rg5+ 46. Kf2 Kf8) 44. e7 $18 ({Don't blunder} 44. Ra1 $2 Bxf5 45. gxf5 Rxf5 $19) 44... Re6 45. Kf2 {[%emt 0:00:33] White wants to mate with Ra1.} Re5 46. Ra1 Bxf5 47. gxf5 {[%emt 0:00:22] KR-KR} Kg7 {[%emt 0:01:37] [#]} 48. Re1 $1 (48. Rh1 Rxf5+ 49. Kxe2 Re5+ 50. Kd3 Rxe7 $11) 48... Rxe7 49. Rxe2 Ra7 50. Re6 Kh6 51. Rxc6 Kg5 52. g7 {[%emt 0:00:08] Weighted Error Value: White=0.40/Black=0.84} 1-0

[Event "2nd Serbia Open Masters 2022"]
[Site "Novi Sad"]
[Date "2022.06.28"]
[Round "1.7"]
[White "Indjic, Aleksandar"]
[Black "Saravanan, V.."]
[Result "1/2-1/2"]
[ECO "E61"]
[WhiteElo "2621"]
[BlackElo "2324"]
[Annotator "TA"]
[PlyCount "75"]
[EventDate "2022.06.28"]
[EventType "swiss"]
[EventCountry "SRB"]
[SourceTitle "playchess.com"]
[Source "ChessBase"]
[SourceQuality "1"]
[TimeControl "40/5400+30:900+30"]

1. d4 Nf6 2. c4 g6 3. g3 Bg7 4. Bg2 O-O 5. Nc3 c5 6. dxc5 {[%emt 0:00:00] E61: King's Indian: Early deviations for White, including Smyslov System.} Na6 7. e4 Nxc5 8. e5 {[%emt 0:00:00] White is slightly better.} Ne8 {[%emt 0:00:31] [#]} 9. Nf3 $146 (9. Be3 $1 $14 Qa5 10. Nf3) ({Predecessor:} 9. Be3 Ne6 10. f4 d6 11. Nf3 Bd7 12. O-O Bc6 13. Nd5 N6c7 14. Qb3 dxe5 15. Nxe5 Bxd5 16. cxd5 {1-0 (53) Vakhidov,J (2534)-Ponkratov,P (2629) Krasnaya Polyana 2021}) 9... d6 $11 10. Be3 {[%emt 0:00:00] Black must now prevent Bxc5.} Be6 11. Bxc5 dxc5 12. Qe2 Nc7 13. h3 Qc8 14. Ng5 Bd7 15. f4 f6 {[%emt 0:11:35] [#]} 16. Nf3 {[%emt 0:00:00] Pair of Knights!} ({Better is} 16. exf6 $1 $16 exf6 17. Nge4) 16... Bc6 17. O-O-O Bxf3 18. Bxf3 {[%emt 0:00:00][%cal Oe5e6] e6! is the strong threat.} fxe5 19. Bg4 e6 (19... Qb8 $14) 20. fxe5 $16 {[%emt 0:00:00] 0x0.001e6abd1677dp-1022s more active pieces.} Qe8 {[%emt 0:03:27] [#]} 21. h4 $1 Qf7 22. Rhe1 a6 (22... Rae8 $16) 23. Ne4 ({White should try} 23. Na4 $18) 23... Qe7 $14 24. Nd6 b5 $1 25. Qe3 bxc4 26. Nxc4 Nb5 ({Less strong is} 26... Nd5 27. Qg5 Qxg5+ 28. hxg5 $16) 27. Qg5 Ra7 28. Rd3 Nd4 29. Nd6 {[%emt 0:00:00] Inhibits Qb7.} Nf5 30. Bxf5 exf5 31. Qf4 Qe6 32. Nc4 {[%emt 0:00:00] [#]} (32. Qc4 $14 {stays ahead.} Qxc4+ 33. Nxc4) 32... Bh6 $1 $17 33. Qxh6 Qxc4+ 34. Rc3 Qxa2 {[%emt 0:00:18] aiming for ...Rb8.} 35. Ra3 Qc4+ 36. Rc3 Qa2 37. Ra3 Qc4+ 38. Rc3 {[%emt 0:00:00] Weighted Error Value: White=0.22 (precise) /Black=0.17 (very precise)} 1/2-1/2

[Event "2nd Serbia Open Masters 2022"]
[Site "Novi Sad"]
[Date "2022.06.28"]
[Round "1.8"]
[White "Lu, Miaoyi"]
[Black "Motylev, Alexander"]
[Result "0-1"]
[ECO "D00"]
[WhiteElo "2279"]
[BlackElo "2633"]
[Annotator "TA"]
[PlyCount "104"]
[EventDate "2022.06.28"]
[EventType "swiss"]
[EventCountry "SRB"]
[SourceTitle "playchess.com"]
[Source "ChessBase"]
[SourceQuality "1"]
[TimeControl "40/5400+30:900+30"]

1. d4 d5 2. Nc3 Nf6 3. Bf4 e6 4. Nb5 Bb4+ 5. c3 Ba5 6. e3 {[%emt 0:11:29] D00: 1 d4 d5: Unusual lines.} O-O {[%emt 0:03:06] [#]} 7. h4 $146 ({Predecessor:} 7. h3 c6 8. Na3 Bc7 9. Nf3 Nbd7 10. Be2 Re8 11. Bxc7 Qxc7 12. c4 Qa5+ 13. Qd2 Qxd2+ 14. Nxd2 {1-0 (49) Niemann,H (2645)-Predke,A (2682) Warsaw 2021}) 7... a6 8. Na3 {[%emt 0:00:08] Black has an edge.} c5 9. dxc5 Nc6 10. Nf3 Ne4 11. Bd3 Nxc5 {[%emt 0:29:15] [#]} (11... f5 $11 {remains equal.}) 12. Bxh7+ $1 $16 Kxh7 13. Ng5+ $1 Kg6 (13... Kg8 {gets mated.} 14. Qh5 Re8 15. Bd6 $1 Bxc3+ 16. Kf1 Qxd6 17. Qxf7+ Kh8 18. Qxe8+) 14. Qb1+ $2 (14. h5+ $1 $16 {stays on course.} Kf6 15. Nh7+ Ke7 16. Nxf8 Kxf8 17. h6) 14... f5 $1 $17 15. h5+ Kf6 16. Nh7+ (16. b4 $17 Rh8 17. Kf1 (17. bxa5 $2 Qxa5 18. Nc2 Qxc3+ 19. Kf1 e5 $19)) 16... Kf7 $19 17. Nxf8 (17. Bg5 $17 Qd6 18. Nxf8 Qxf8 19. h6) 17... Qxf8 ({Stronger than} 17... Kxf8 18. b4 $11) 18. h6 e5 19. h7 {[%emt 0:06:39] [#]} Qh8 $1 20. Bg3 Ne4 21. Qd1 {[%emt 0:01:35][%cal Og3e5] [#]} Be6 $1 {[%emt 0:01:19] White must now prevent ...d4.} 22. Nc2 g6 {[%emt 0:01:23] Against Qh5} 23. Qd3 Qg7 24. O-O-O Rh8 25. Ne1 Nxg3 26. fxg3 e4 {[%emt 0:00:27] Chess con chili.} 27. Qd2 Bd8 28. Nc2 Bf6 29. Nd4 Nxd4 30. cxd4 Rxh7 31. Kb1 Bd7 (31... g5 $19 32. a3 f4 33. exf4 Rxh1 34. Rxh1 Bxd4) 32. Qa5 $17 Bc6 (32... Ke6 $19 {Strongly threatening ...Bc6.} 33. Qc7 Rxh1 34. Rxh1 Bc6) 33. Qc7+ Be7 34. g4 Qh8 35. Rhf1 {[%emt 0:00:40] This move loses the game for White.} (35. Rxh7+ $17 {only move.} Qxh7 36. gxf5) 35... Qd8 $19 36. Qg3 Bd6 37. Qf2 Qh4 38. gxf5 Qxf2 39. fxg6+ Kxg6 40. Rxf2 Bb5 41. g4 $2 (41. a3) 41... Bd7 {[%emt 0:08:31] aiming for ...Rh3.} 42. Rg1 $2 (42. g5 {keeps fighting.} Be7 43. Rg2) 42... Rh3 43. Rgf1 {[%emt 0:00:36] And now Rf6+ would win.} Be7 {[%emt 0:00:14] Against Rf6+} 44. Rc1 Bg5 45. Rf8 Bxe3 46. Rcf1 Bxd4 {[%emt 0:00:39] Threatens to win with ...Bb5.} 47. Rg8+ Bg7 48. g5 Bb5 49. Rc1 Bd3+ 50. Ka1 Rh2 51. a4 Kh7 52. Rcc8 e3 {[%emt 0:01:22] Weighted Error Value: White=0.77/Black=0.25 (precise)} 0-1